AoeStats
← 帝国的铁汉

Arabia

508620888Analyzed
1v1 RM · 10d ago on Sep 23, 2026· 17m 58s· 2 players
Game mode
Random Map
Map size
Tiny (2 player)
Population
200
Speed
Normal
Resources
Standard
Victory
Conquest
Starting age
Dark Age
Ending age
Imperial Age
RankedLock teamsTeams togetherTeam positionsShared explorationLock speedFull tech treeHidden civsTurbo modeCheats
Victory
Defeat
🇨🇳 Persians · China
1619
+14
🇩🇪 Romans · Germany
1584
-14
HumPs_AoE
7:18 Loom
9:54 Feudal Age
11:46 Man-at-Arms
14:34 Scale Mail Armor
16:22 Double-Bit Axe
帝国的铁汉
10:47 Loom
13:03 Feudal Age
16:58 Castle Age
15:31 Double-Bit Axe
16:20 Bloodlines
17:23 Scale Barding Armor
Connection lost

Rejoining the realm…

Still unreachable

The connection could not be restored.

Session expired

The server has moved on; the page needs a fresh start.